 Dungeon Crawl Stone Soup version 0.25-a0-166-g16436c4407 (webtiles) character file.

Game seed: 13309804440234316426, levelgen mode: deterministic

31243 Lanoc the Nimble (level 13, 0/85 HPs)
             Began as a Halfling Warper on Nov 23, 2019.
             Was a High Priest of Hepliaklqana.
             Incinerated by a smoke demon (5 damage)
             ... with a sticky flame
             ... on level 2 of the Orcish Mines.
             The game lasted 01:13:48 (23479 turns).

Lanoc the Nimble (Halfling Warper)                 Turns: 23479, Time: 01:13:49

Health: 0/85       AC: 13    Str: 17    XL:     13   Next: 94%
Magic:  15/15      EV: 23    Int: 10    God:    Hepliaklqana [*****.]
Gold:   1223       SH:  3    Dex: 21    Spells: 9/15 levels left

rFire    . . .     SeeInvis +   n - +0 hunting sling
rCold    . . .     Gourm    .   (shield restricted)
rNeg     . . .     Faith    .   E - +1 scale mail of the Moon Troll {Int-2 Dex+3} (curse)
rPois    +         Spirit   .   I - +2 hat of Elyvilon's Benevolence {rPois}
rElec    .         Reflect  +   h - +1 cloak
rCorr    .         Harm     .   (no gloves)
MR       .....                  (no boots)
Stlth    ..........             O - +3 amulet of reflection
HPRegen  0.24/turn              q - ring of see invisible
MPRegen  0.14/turn              s - +5 ring of strength

@: liquid flames, about to teleport, very slightly contaminated, glowing
A: small, reduced essence, mutation resistance 1
a: Recall Ancestor, Ancestor Identity, Transference, Idealise, Renounce Religion


You were on level 2 of the Orcish Mines.
You worshipped Hepliaklqana.
Hepliaklqana was extremely pleased with you.
You were not hungry.

You visited 3 branches of the dungeon, and saw 17 of its levels.
You also visited: Sewer and Ossuary.

You collected 1439 gold pieces.
You spent 216 gold pieces at shops.

Inventory:

Hand Weapons
 n - a +0 hunting sling (weapon)
 B - a +1 long sword of electrocution
 S - the +5 broad axe "Lagis" {freeze, Str+2 SInv}
   (You found it on level 12 of the Dungeon)

   It has been specially enchanted to freeze those struck by it, causing extra
   injury to most foes and up to half again as much damage against particularly
   susceptible opponents.
   It can also slow down cold-blooded creatures.
   It affects your strength (+2).
   It lets you see invisible.
Missiles
 b - 122 bolts
 j - 90 poisoned darts
 l - 74 stones (quivered)
 r - 43 sling bullets
 t - 60 boomerangs
 z - 7 silver boomerangs
 G - a throwing net
 Q - 4 boomerangs of dispersal
Armour
 h - a +1 cloak (worn)
 C - a +2 chain mail of cold resistance
 E - the cursed +1 scale mail of the Moon Troll (worn) {Int-2 Dex+3}
   (You found it on level 7 of the Dungeon)

   It affects your intelligence (-2).
   It affects your dexterity (+3).
   It has a curse placed upon it.
 H - a +3 scale mail of magic resistance
 I - the +2 hat of Elyvilon's Benevolence (worn) {rPois}
   (You bought it in a shop on level 14 of the Dungeon)

   It protects you from poison.
 P - +0 acid dragon scales
Jewellery
 a - an uncursed ring of ice
 e - an uncursed ring of resist corrosion
 q - a ring of see invisible (left hand)
 s - a +5 ring of strength (right hand)
 K - an uncursed ring of protection from cold
 O - a +3 amulet of reflection (around neck)
 W - an uncursed amulet of regeneration
Wands
 c - a wand of flame (20)
 A - a wand of acid (12)
 D - a wand of paralysis (12)
 L - a wand of disintegration (7)
Scrolls
 d - a scroll of blinking
 g - 4 scrolls of teleportation
 i - 2 scrolls of enchant armour
 k - 7 scrolls of remove curse
 o - 3 scrolls of immolation
 v - a scroll of fear
 y - a scroll of enchant weapon
Potions
 m - 2 potions of flight
 p - 5 potions of curing
 u - 2 potions of agility
 w - 3 potions of magic
 x - 3 potions of might
 F - a potion of ambrosia
 M - 2 potions of brilliance
 R - a potion of cancellation
 Y - a potion of resistance
Comestibles
 f - 14 rations


   Skills:
 + Level 11.1 Fighting
 - Level 2.0 Long Blades
 - Level 12.0 Slings
 - Level 1.0(5.4) Throwing
 + Level 9.3 Armour
 + Level 13.0 Dodging
 - Level 1.5 Spellcasting
 - Level 11.0 Translocations


You had 9 spell levels left.
You knew the following spells:

 Your Spells              Type           Power        Failure   Level  Hunger
a - Blink                 Tloc           N/A          1%          2    ###....
b - Passage of Golubria   Tloc           N/A          10%         4    #####..

Your spell library contained the following spells:

 Spells                   Type           Power        Failure   Level  Hunger
 Gell's Gravitas          Tloc           ###.......   3%          3    ####...
 Lesser Beckoning         Tloc           ###.......   3%          3    ####...
 Teleport Other           Tloc           ###.....     3%          3    ####...
 Shroud of Golubria       Chrm/Tloc      ##....       14%         2    ###....
 Freeze                   Ice            #...         67%         1    ##.....
 Shock                    Conj/Air       #...         67%         1    ##.....
 Sublimation of Blood     Necr           #.........   80%         2    ###....
 Swiftness                Chrm/Air       #.......     80%         2    ###....
 Throw Frost              Conj/Ice       #.....       80%         2    ###....
 Ignite Poison            Fire/Tmut/Pois #.......     95%         3    ####...
 Ozocubu's Armour         Chrm/Ice       #.......     95%         3    ####...
 Static Discharge         Conj/Air       #.......     95%         3    ####...
 Airstrike                Air            #.........   100%        4    #####..
 Ice Form                 Ice/Tmut       #.......     100%        4    #####..
 Petrify                  Tmut/Erth      #.......     100%        4    #####..
 Summon Ice Beast         Ice/Summ       #.......     100%        4    #####..
 Throw Icicle             Conj/Ice       #.......     100%        4    #####..
 Alistair's Intoxication  Tmut/Pois      #.......     100%        5    ######.
 Irradiate                Conj/Tmut      #.........   100%        5    ######.
 Lightning Bolt           Conj/Air       #.........   100%        5    ######.
 Metabolic Englaciation   Hex/Ice        #.........   100%        5    ######.
 Bolt of Cold             Conj/Ice       #.........   100%        6    #######
 Freezing Cloud           Conj/Ice/Air   #.........   100%        6    #######
 Ozocubu's Refrigeration  Ice            #.........   100%        6    #######
 Simulacrum               Ice/Necr       #.........   100%        6    #######


Dungeon Overview and Level Annotations

Branches:
Dungeon (14/15)            Temple (1/1) D:6            Lair (0/6) D:9
    Orc (2/2) D:11            Elf (0/3) Orc:2         Sewer (visited)
Ossuary (visited)
 Vaults: D:13-14

Altars:
Ashenzari
Cheibriados
Dithmenos
Fedhas
Gozag
Hepliaklqana
Kikubaaqudgha
Makhleb
Nemelex Xobeh
Okawaru
Qazlal
Ru
Sif Muna
Trog
Uskayaw
Vehumet
Wu Jian
Xom
Yredelemnul
Zin
The Shining One
Beogh

Shops:
D:14 [   Orc:1 [

Annotations:
D:2 1 runed translucent door, Crazy Yiuf
D:14 Snorg


Innate Abilities, Weirdness & Mutations

You are small and have problems with some larger weapons.
You are somewhat resistant to further mutation.
Your life essence is reduced to manifest your ancestor. (-10% HP)


Message History

* * * LOW HITPOINT WARNING * * *
The smoke demon gestures at you. The sticky flame hits you.
You are covered in liquid flames!
* * * LOW HITPOINT WARNING * * *
As you read the scroll of teleportation, it crumbles to dust.
You feel strangely unstable.
You are engulfed in a cloud of scalding steam.
* * * LOW HITPOINT WARNING * * *
You are covered in liquid flames!
* * * LOW HITPOINT WARNING * * *
The sun demon closely misses you.
Okay, then.
Unknown command.
Blink to where?
Press: ? - help, Dir - move target cursor, p - orc high priest You are very lightly contaminated with residual magic.
As you read the scroll of blinking, it crumbles to dust.
You are covered in liquid flames!
You die...

##....# #...##...............
#.....# ##..###..............
......#### #...#...............
.........# ##..................
.........## #..................
...##.....### ##.................
.#####....#.###..................
.#.#.......[[##.[...[............
...#...>..#..))[@))).............
#......#.##...))[[[[.............
##.....#####....[..).............
...[..## ###.##..).§...........
.....[#### ####...§§[.....[[[).
...#.))..## ##..§...§3R§.[.[..
...##..)..## #....#....3.§.[...
...#...[)..## ##.###...§§.oo[...
..###...<..(# ### #######o..###


There were no monsters in sight!

Vanquished Creatures
  Agnes (D:14)
  Harold (D:8)
  2 hydras
  An ice dragon (D:12)
  A centaur warrior (D:13)
  2 two-headed ogres (D:13)
  3 orc high priests (Orc:2)
  An orc knight (D:11)
  A cyclops (D:11)
  A manticore (D:13)
  A centaur zombie (D:13)
  A kobold demonologist (D:6)
  A centaur skeleton (D:14)
  A rime drake (D:12)
  A troll (D:14)
  A hornet (D:11)
  A water elemental (D:14)
  A wyvern (D:5)
  2 sky beasts
  Purgy (Sewer)
  3 ice beasts
  A black bear (D:8)
  A necrophage (D:6)
  4 ogres
  21 orc warriors
  An eye of draining (D:10)
  8 centaurs
  An elf zombie (D:5)
  2 big kobolds
  3 bullfrogs
  2 scorpions
  8 killer bees
  A howler monkey (D:7)
  A bullfrog zombie (D:6)
  5 crimson imps
  3 human zombies
  A quasit (D:3)
  23 orc priests
  2 human skeletons (D:5)
  4 hounds
  A bullfrog skeleton (D:5)
  8 iguanas
  12 orc wizards
  7 worker ants
  2 big kobold zombies (Ossuary)
  2 mummies (Ossuary)
  2 worker ant zombies
  12 adders
  2 shadow imps
  An ooze (D:1)
  3 adder zombies
  2 adder skeletons
  2 worms
  A dart slug (D:2)
  5 leopard geckos
  86 orcs
  2 ball pythons
  11 bats
  6 giant cockroaches
  2 goblins
  12 hobgoblins
  18 jackals
  22 kobolds
  7 quokkas
  4 frilled lizards
  A giant cockroach zombie (D:6)
  2 goblin zombies (Ossuary)
  8 hobgoblin zombies (Ossuary)
  A jackal zombie (Ossuary)
  9 kobold zombies (Ossuary)
  A leopard gecko zombie (D:3)
  2 orc skeletons (D:5)
  8 orc zombies (Ossuary)
  A quokka skeleton (D:6)
  A quokka zombie (D:6)
  5 rats
  2 rat zombies (Ossuary)
393 creatures vanquished.

Vanquished Creatures (collateral kills)
  A two-headed ogre (Orc:2)
  2 orc high priests (Orc:2)
  An unseen horror (D:11)
  A wizard (D:14)
  4 orc knights
  3 ugly things
  A manticore (D:13)
  A cyclops (D:11)
  A centaur zombie (D:13)
  Maurice (D:8)
  A rime drake (D:12)
  2 trolls
  2 polar bears (D:12)
  2 hippogriffs (D:11)
  A shadow (D:12)
  A yak (D:6)
  2 hungry ghosts
  A steam dragon (D:10)
  A warg (Orc:1)
  An acid dragon (D:11)
  2 soldier ants
  An ice beast (D:13)
  18 orc warriors
  A phantom (D:10)
  A necrophage (D:8)
  A black bear (D:9)
  4 centaurs
  An ogre (D:9)
  2 big kobolds
  3 killer bees
  A howler monkey (D:7)
  3 crimson imps
  9 orc priests
  2 centaur skeletons
  2 hounds
  A jelly (D:9)
  4 orc wizards
  2 iguanas
  4 worker ants
  A worker ant zombie (D:9)
  An adder (D:7)
  24 orcs
  3 kobolds
  A quokka zombie (D:9)
122 creatures vanquished.

Vanquished Creatures (others)
  A killer bee (D:11)
  9 knights
  7 ancestors
17 creatures vanquished.

Grand Total: 532 creatures vanquished

Notes
Turn   | Place    | Note
-------+----------+-------------------------------------------
     0 | D:1      | Lanoc the Halfling Warper began the quest for the Orb.
     0 | D:1      | Reached XP level 1. HP: 14/14 MP: 3/3
    43 | D:1      | Reached XP level 2. HP: 17/19 MP: 4/4
   396 | D:1      | Reached XP level 3. HP: 21/24 MP: 5/5
  1005 | D:2      | Reached skill level 3 in Dodging
  1205 | D:2      | Reached XP level 4. HP: 22/30 MP: 6/6
  1604 | D:2      | Found a runed translucent door.
  1605 | D:2      | Noticed Crazy Yiuf
  1959 | D:3      | Found a glowing drain.
  2056 | D:3      | Reached XP level 5. HP: 30/36 MP: 7/7
  2144 | Sewer    | Entered a sewer
  2389 | Sewer    | Noticed Purgy
  2401 | Sewer    | Killed Purgy
  2401 | Sewer    | Reached skill level 4 in Dodging
  2401 | Sewer    | Reached XP level 6. HP: 42/42 MP: 8/8
  2596 | D:3      | Found an ancient bone altar of Kikubaaqudgha.
  2935 | D:3      | Learned a level 2 spell: Blink
  3294 | D:4      | HP: 2/42 [adder (5)]
  3299 | D:3      | Reached skill level 1 in Slings
  3398 | D:4      | Reached XP level 7. HP: 47/47 MP: 9/9
  4007 | D:5      | Entered Level 5 of the Dungeon
  4083 | D:5      | Reached skill level 5 in Dodging
  4116 | D:5      | Noticed a wyvern
  4225 | D:5      | Reached XP level 8. HP: 47/54 MP: 10/10
  4417 | D:5      | Found a sand-covered staircase.
  4489 | D:5      | Reached skill level 5 in Slings
  4505 | Ossuary  | Entered an ossuary
  4903 | Ossuary  | Reached skill level 5 in Armour
  5365 | D:5      | Killed a wyvern
  5825 | D:6      | Reached skill level 5 in Translocations
  5825 | D:6      | Reached XP level 9. HP: 60/60 MP: 11/11
  5831 | D:6      | Learned a level 4 spell: Passage of Golubria
  5867 | D:6      | Found a large runed translucent door.
  5867 | D:6      | Found a large runed translucent door.
  5869 | D:6      | Noticed a kobold demonologist
  5981 | D:6      | Found a large runed translucent door.
  5982 | D:6      | Found a large runed translucent door.
  5989 | D:6      | Found a staircase to the Ecumenical Temple.
  6042 | Temple   | Entered the Ecumenical Temple
  6186 | Temple   | Became a worshipper of Hepliaklqana the Forgotten
  6242 | D:6      | Reached skill level 6 in Dodging
  6261 | D:6      | Reached skill level 5 in Fighting
  7245 | D:6      | Killed a kobold demonologist
  7320 | D:6      | Got a pitted war axe
  7321 | D:6      | Identified the cursed +3 war axe of Jimek {venom, rPois
                  | rF++} (You found it on level 6 of the Dungeon)
  7407 | D:7      | Got a dazzling scale mail
  7418 | D:7      | Identified the cursed +1 scale mail of the Moon Troll
                  | {Int-2 Dex+3} (You found it on level 7 of the Dungeon)
  7516 | D:7      | Reached XP level 10. HP: 56/60 MP: 12/12
  7733 | D:7      | Reached * piety under Hepliaklqana
  7780 | D:7      | Reached skill level 7 in Dodging
  8180 | D:7      | Found a glowing golden altar of the Shining One.
  8180 | D:7      | Found a blossoming altar of Fedhas.
  8181 | D:7      | Found a bloodstained altar of Trog.
  8196 | D:7      | Reached skill level 10 in Slings
  8492 | D:8      | Noticed Maurice
  8515 | D:8      | Killed Maurice
  8626 | D:8      | Noticed Harold
  8681 | D:8      | Killed Harold
  9116 | D:8      | Reached skill level 8 in Dodging
  9725 | D:9      | Reached ** piety under Hepliaklqana
  9726 | D:9      | Remembered your ancestor Lwandle as a knight
  9783 | D:9      | Reached XP level 11. HP: 66/66 MP: 13/13
  9999 | D:9      | Found a staircase to the Lair.
 10262 | D:9      | Found a glowing silver altar of Zin.
 10510 | D:10     | Entered Level 10 of the Dungeon
 10518 | D:10     | Noticed a six-headed hydra
 10676 | D:10     | Killed a six-headed hydra
 10864 | D:10     | Reached skill level 9 in Dodging
 12421 | D:11     | Reached *** piety under Hepliaklqana
 12674 | D:11     | Noticed an unseen horror
 12695 | D:11     | Killed an unseen horror
 13042 | D:11     | Noticed a cyclops
 13067 | D:11     | Killed a cyclops
 13280 | D:11     | Noticed a cyan ugly thing
 13726 | D:11     | Noticed an orc knight
 13834 | D:11     | Killed an orc knight
 13841 | D:11     | HP: 2/69 [orc warrior/+0 flail (14)]
 14433 | D:11     | Found a staircase to the Orcish Mines.
 14435 | D:11     | Found a roughly hewn altar of Beogh.
 14644 | D:11     | Noticed a cyclops
 14664 | D:11     | Killed a cyclops
 14664 | D:11     | Reached skill level 10 in Dodging
 14664 | D:11     | Reached XP level 12. HP: 75/75 MP: 14/14
 15517 | D:11     | Reached skill level 10 in Translocations
 16195 | D:12     | Got the broad axe "Lagis" {freeze}
 16196 | D:12     | Identified the +5 broad axe "Lagis" {freeze, Str+2 SInv}
                  | (You found it on level 12 of the Dungeon)
 16604 | D:12     | Noticed an ice dragon
 16628 | D:12     | Killed an ice dragon
 16628 | D:12     | Reached skill level 11 in Dodging
 16763 | D:12     | Reached **** piety under Hepliaklqana
 17028 | D:13     | Noticed a seven-headed hydra
 17042 | D:13     | Killed a seven-headed hydra
 17060 | D:13     | Noticed a two-headed ogre
 17080 | D:13     | Killed a two-headed ogre
 17224 | D:13     | Noticed a centaur warrior
 17241 | D:13     | Killed a centaur warrior
 17374 | D:13     | Noticed a two-headed ogre
 17394 | D:13     | Killed a two-headed ogre
 17841 | D:13     | Reached XP level 13. HP: 82/82 MP: 15/15
 18078 | D:14     | Reached skill level 10 in Fighting
 18661 | D:14     | Noticed Agnes
 18825 | D:14     | Found Ofaomi's Antique Armour Shop.
 18832 | D:14     | Bought a slimy hat for 216 gold pieces
 18839 | D:14     | Identified the +2 hat of Elyvilon's Benevolence {rPois}
                  | (You bought it in a shop on level 14 of the Dungeon)
 18888 | D:14     | Killed Agnes
 18888 | D:14     | Reached skill level 12 in Dodging
 18948 | D:14     | Noticed Snorg
 19049 | Orc:1    | Entered Level 1 of the Orcish Mines
 19342 | Orc:1    | Reached ***** piety under Hepliaklqana
 19678 | Orc:1    | Found Yblyofyp's Armour Boutique.
 19953 | Orc:2    | Entered Level 2 of the Orcish Mines
 20413 | Orc:2    | Found a staircase to the Elven Halls.
 23472 | Orc:2    | Reached skill level 13 in Dodging
 23479 | Orc:2    | Incinerated by a smoke demon

Levels and vault maps discovered:
D:1:      mrwooster_arrival_statue, layout_basic
D:2:      layout_basic, nicolae_overflow_hidden_temple, uniq_crazy_yiuf_cottage
D:3:      minmay_door_path, layout_loops_ring, overflow_temple_1_default,
          gup_sewer_entry_glass, minmay_misc_feat_more_columns
D:4:      layout_loops_ring, first_ration
D:5:      layout_basic, nicolae_ossuary_entry_catacombs
D:6:      layout_basic, temple_statues, minmay_hollow_rounded_squares
D:7:      layout_loops_ring, gammafunk_temple_overflow_claw
D:8:      layout_rooms, special_room [special_room_orc], uniq_maurice,
          uniq_harold
D:9:      layout_irregular_city, zin_treasury, lair_entry_dummy
D:10:     layout_basic
D:11:     layout_roguey, david_orc_5
D:12:     minmay_coctagon, layout_irregular_city, serial_column_ruins,
          column_ruins_square_huge, column_ruins_square_large,
          column_ruins_columns_straight, column_ruins_corridor_corner,
          column_ruins_corridor_corner, column_ruins_columns_corner,
          minivault_10, hangedman_pestilent_swarm
D:13:     layout_irregular_city, drop_trap
D:14:     layout_stronghold, david_vaults_5, serial_shops, shop, tso_metal_star,
          basic_altar, serial_bayou_pond_a, serial_bayou_pond_a,
          hangedman_cracks_in_the_wall, uniq_snorg, uniq_agnes
Temple:   compressed_dpeg_circular_temple
Orc:1:    layout_caves, serial_shops, nicolae_shop_crystal
Orc:2:    st_orc_pillars, layout_diamond_mine, lemuel_statue_altar

Skill      XL: |  1  2  3  4  5  6  7  8  9 10 11 12 13 |
---------------+----------------------------------------+-----
Fighting       | 2 3 4 5 6 8 9 11 | 11.1
Armour         | 2 3 4 5 6 9 |  9.3
Dodging        | 3 4 5 6 8 10 11 13 | 13.0
Slings         | 1 4 6 9 11 12 | 12.0
Translocations | 4 5 6 7 9 11 | 11.0
Long Blades    | |  2.0
Throwing       | |  1.0
Spellcasting   | |  1.5

Action                   |  1- 3 |  4- 6 |  7- 9 | 10-12 | 13-15 || total
-------------------------+-------+-------+-------+-------+-------++-------
Melee: Falchion          |   107 |   170 |       |       |       ||   277
       War axe           |       |       |       |     8 |       ||     8
 Fire: Hunting sling     |       |    49 |   701 |  1294 |   861 ||  2905
Throw: Boomerang         |       |     2 |     3 |       |       ||     5
       Dart              |       |     6 |     9 |       |       ||    15
       Throwing net      |       |       |       |     5 |     1 ||     6
 Cast: Blink             |       |       |       |     1 |       ||     1
       Passage of Golubr |       |       |       |     1 |       ||     1
Invok: Ancestor Identity |       |       |     1 |       |       ||     1
       Ancestor Life: Kn |       |       |       |     1 |       ||     1
       Recall Ancestor   |       |       |       |     1 |       ||     1
Evoke: Wand              |       |       |     2 |     2 |     4 ||     8
  Use: Potion            |       |     8 |       |     3 |     4 ||    15
       Scroll            |       |     4 |    12 |     3 |    12 ||    31
 Stab: Sleeping          |     1 |     3 |       |       |       ||     4
  Eat: Chunk             |     1 |     8 |     8 |    27 |     9 ||    53
       Ration            |       |       |     1 |     1 |     2 ||     4
Armor: Leather armour    |    15 |    36 |       |       |       ||    51
       Skin              |       |    33 |       |       |       ||    33
       Troll leather arm |       |    13 |    72 |       |       ||    85
       Chain mail        |       |       |     1 |       |       ||     1
       Scale mail        |       |       |       |   117 |    27 ||   144
Dodge: Dodged            |    98 |   207 |   333 |   448 |   244 ||  1330
Block: Other             |       |       |       |    25 |    39 ||    64
       Reflection        |       |       |       |     4 |     5 ||     9
       Rpst.: Falchion   |    30 |    45 |       |       |       ||    75

Table legend:
 A = Non-vault XP
 B = Vault XP
 C = Vault XP percentage of total XP
 D = Non-vault monster count
 E = Vault monster count
 F = Vault count percentage of total count
                 A         B        C        D         E       F
            +---------+---------+-------+---------+---------+-------
      Total |   25793 |   18841 |  42.2 |     335 |     181 |  35.1
            +---------+---------+-------+---------+---------+-------
        D:1 |      53 |       0 |   0.0 |      26 |       0 |   0.0
        D:2 |      48 |       0 |   0.0 |      16 |       0 |   0.0
        D:3 |     226 |      30 |  11.7 |      29 |       4 |  12.1
        D:4 |     395 |       0 |   0.0 |      19 |       0 |   0.0
        D:5 |     637 |     229 |  26.4 |      17 |       6 |  26.1
        D:6 |     653 |    1041 |  61.5 |      14 |      10 |  41.7
        D:7 |     864 |       0 |   0.0 |      35 |       0 |   0.0
        D:8 |     919 |    2124 |  69.8 |      25 |      27 |  51.9
        D:9 |     853 |       0 |   0.0 |      12 |       0 |   0.0
       D:10 |    2411 |       0 |   0.0 |      19 |       0 |   0.0
       D:11 |    4462 |    1304 |  22.6 |      42 |      23 |  35.4
       D:12 |    2424 |    2753 |  53.2 |      14 |      10 |  41.7
       D:13 |    6132 |      41 |   0.7 |      18 |       1 |   5.3
       D:14 |    1760 |    2148 |  55.0 |       8 |       1 |  11.1
      Orc:1 |    1171 |     634 |  35.1 |      24 |       1 |   4.0
      Orc:2 |    2785 |    8181 |  74.6 |      17 |      54 |  76.1
      Sewer |       0 |     139 | 100.0 |       0 |       6 | 100.0
    Ossuary |       0 |     217 | 100.0 |       0 |      38 | 100.0
            +---------+---------+-------+---------+---------+-------
